 Dungeon Crawl Stone Soup version 0.26-a0-255-gd5f3108e62 (webtiles) character file.

Game seed: 13077571657570973351

147 Esekla the Scholar of Death (level 5, -1/38 HPs)
             Began as a Formicid Necromancer on July 9, 2020.
             Was a Follower of Kikubaaqudgha.
             Slain by an orc
             ... wielding a +2 dagger of draining
              (3 damage)
             ... on level 2 of the Dungeon.
             The game lasted 00:22:09 (3363 turns).

Esekla the Scholar of Death (Formicid Necromancer)  Turns: 3363, Time: 00:22:09

Health: -1/38      AC:  2    Str: 10 (13) XL:     5   Next: 54%
Magic:  1/9        EV: 12    Int: 12 (15) God:    Kikubaaqudgha [*.....]
Gold:   48         SH:  0    Dex:  8 (11) Spells: 6/10 levels left

rFire    . . .     SeeInvis +   f - +0 dagger
rCold    . . .     Faith    .   (no shield)
rNeg     . . .     Spirit   .   a - +0 robe
rPois    .         Reflect  .   (helmet unavailable)
rElec    .         Harm     .   (no cloak)
rCorr    .                      (no gloves)
MR       .....                  (no boots)
Stlth    +++.......             (no amulet)
HPRegen  0.12/turn              e - ring of stealth
MPRegen  0.11/turn              (no ring)

@: lethally poisoned (-1 -> -2), flying, lightly drained
A: permanent stasis, dig shafts and tunnels, four strong arms, antennae 3
a: Dig, Shaft Self, Receive Corpses, Renounce Religion


You were on level 2 of the Dungeon.
You worshipped Kikubaaqudgha.
Kikubaaqudgha was aware of your devotion.
You were not hungry.

You visited 1 branch of the dungeon, and saw 3 of its levels.

You collected 48 gold pieces.

Inventory:

Hand Weapons
 f - a +0 dagger (weapon)
 p - a +1 dagger of venom
Missiles
 b - 4 javelins (quivered)
Armour
 a - a +0 robe (worn)
 d - a +0 leather armour
Jewellery
 e - a ring of stealth (left hand)
Scrolls
 g - 2 scrolls of identify {unknown}
 i - a scroll of remove curse {unknown}
 k - 2 scrolls of immolation {unknown}
 l - a scroll of enchant weapon {unknown}
 m - a scroll of enchant armour {unknown}
 n - a scroll of teleportation {unknown}
 o - a scroll of fog {unknown}
Comestibles
 c - 10 rations


   Skills:
 * Level 2.1(1.6) Fighting
 + Level 1.5(1.1) Short Blades
 + Level 0.1(0.0) Throwing
 + Level 2.2(1.7) Dodging
 + Level 2.7(2.2) Stealth
 * Level 3.1(2.6) Spellcasting
 + Level 4.8(4.2) Necromancy


You had 6 spell levels left.
You knew the following spells:

 Your Spells              Type           Power        Failure   Level
a - Pain                  Necr           ##..         4%          1
d - Vampiric Draining     Necr           ##........   13%         3

Your spell library contained the following spells:

 Spells                   Type           Power        Failure   Level
 Animate Skeleton         Necr           ##....       4%          1
 Sublimation of Blood     Necr           ##........   7%          2
 Animate Dead             Necr           ##........   41%         4
 Agony                    Necr           ##......     77%         5


Dungeon Overview and Level Annotations

Branches:
Dungeon (3/15)

Altars:
Kikubaaqudgha


Innate Abilities, Weirdness & Mutations

You cannot be hasted, slowed, berserked, paralysed or teleported.
You can dig through walls and to a lower floor.
Your four strong arms can wield two-handed weapons with a shield.
You have a pair of large antennae on your head. (SInv)


Message History

It was a potion of degeneration.
There was something very wrong with that liquid.
You feel weakened.
You feel dopey.
You feel clumsy. The orc closely misses you.
It was a potion of flight.
You feel very buoyant.
You fly up into the air.
The orc closely misses you.
Casting: Vampiric Draining (quite dangerous; 13% risk of failure)
Confirm with . or Enter, or press ? or * to list all spells.
The spell is quite dangerous to cast (13% risk of failure)!
Continue anyway?
Aiming: Vampiric Draining (quite dangerous; 13% risk of failure)
Press: ? - help, Shift-Dir - straight line, f - orc
Aim: an orc, wielding a +2 dagger of draining The orc is heavily wounded.
You feel life coursing into your body.
* * * LOW HITPOINT WARNING * * *
You feel sick.
The orc hits you with a +2 dagger of draining.
You die...
Kikubaaqudgha rasps: "You have failed me!
Welcome... death!"

##.##......#
#..........#######
#..##.##.........#
#.......#...####.# {
{#...#)#........#.#
##..#.#...#.##.#.########
{
#..#.#......>...........
#..#.##.##.##.#.########
{ #.......o@......##
.....##.###.....)#######.
#.#..##..................
#..######......########
#..# #......# #.######
#..# # ....# ####.## ...#
#......##


You could see an orc.

Vanquished Creatures
  An iguana (D:2)
  An orc wizard (D:3)
  2 adders (D:3)
  2 oozes
  A worm (D:3)
  A dart slug (D:1)
  2 leopard geckos (D:2)
  2 orcs (D:3)
  A giant cockroach (D:1)
  5 goblins
  4 hobgoblins
  17 jackals
  4 kobolds
  5 bats (D:1)
  5 frilled lizards
  4 rats
57 creatures vanquished.

Notes
Turn   | Place    | Note
-------+----------+-------------------------------------------
     0 | D:1      | Esekla the Formicid Necromancer began the quest for the
                  | Orb.
     0 | D:1      | Reached XP level 1. HP: 13/13 MP: 3/3
   457 | D:1      | Reached XP level 2. HP: 18/20 MP: 1/5
  1238 | D:1      | Reached XP level 3. HP: 10/25 MP: 3/6
  1243 | D:1      | Learned a level 3 spell: Vampiric Draining
  1475 | D:1      | Reached skill level 1 in Fighting
  2475 | D:2      | Reached XP level 4. HP: 21/32 MP: 1/8
  2672 | D:2      | Reached skill level 1 in Short Blades
  2987 | D:2      | Reached XP level 5. HP: 25/37 MP: 3/9
  3100 | D:3      | Found a faded altar of an unknown god.
  3126 | D:3      | Became a worshipper of Kikubaaqudgha
  3126 | D:3      | Reached * piety under Kikubaaqudgha
  3126 | D:3      | Identified Kikubaaqudgha's Catalogue of Stolen Souls
                  | (Kikubaaqudgha gifted it to you on level 3 of the Dungeon)
  3126 | D:3      | Received a gift from Kikubaaqudgha
  3360 | D:2      | HP: 1/38 [orc/+2 dagger of draining (3)]
  3363 | D:2      | Slain by an orc

Illustrated notes

Levels and vault maps discovered:
D:1:      ncdulo_watergridlock, layout_basic, serial_rivers,
          chequers_serial_rivers_micro_b, chequers_serial_rivers_micro_d,
          chequers_serial_rivers_room_a, chequers_serial_rivers_room_a,
          st_stairs_8
D:2:      layout_basic, glass_columns_a, okawaru_altar_gauntlet_db, uniq_jessica
D:3:      layout_rooms, elyvilon_altar_4, chequers_ecumenical_altar_simple

Skill      XL: |  1  2  3  4  5 |
---------------+----------------+-----
Dodging        | 2 |  2.2
Fighting       | 1 2 |  2.1
Short Blades   | 1 |  1.5
Spellcasting   | 3 |  3.1
Throwing       | |  0.1
Stealth        | |  2.7
Necromancy     | |  4.8

Action                   |  1- 3 |  4- 6 || total
-------------------------+-------+-------++-------
Melee: Unarmed           |     6 |       ||     6
       Dagger            |    95 |   101 ||   196
Throw: Javelin           |     1 |     6 ||     7
 Cast: Pain              |    26 |       ||    26
       Vampiric Draining |     5 |    15 ||    20
  Use: Potion            |       |     2 ||     2
 Stab: Sleeping          |     2 |     3 ||     5
  Eat: Ration            |     2 |       ||     2
Armor: Robe              |    26 |    10 ||    36
Dodge: Dodged            |    91 |    54 ||   145

Table legend:
 A = Non-vault XP
 B = Vault XP
 C = Vault XP percentage of total XP
 D = Non-vault monster count
 E = Vault monster count
 F = Vault count percentage of total count
                 A         B        C        D         E       F
            +---------+---------+-------+---------+---------+-------
      Total |     208 |       2 |   1.0 |      56 |       1 |   1.8
            +---------+---------+-------+---------+---------+-------
        D:1 |      48 |       2 |   4.0 |      23 |       1 |   4.2
        D:2 |      69 |       0 |   0.0 |      16 |       0 |   0.0
        D:3 |      91 |       0 |   0.0 |      17 |       0 |   0.0
            +---------+---------+-------+---------+---------+-------
